 Dungeon Crawl Stone Soup version 0.31.0-11-ge490571c62 (webtiles) character file.

Game seed: 16897365400912004306

787 AurumCu the Ruffian (level 7, -1/68 HPs)
             Began as a Troll Fighter on Feb 7, 2024.
             Slain by a troll (8 damage)
             ... on level 8 of the Dungeon.
             The game lasted 00:09:01 (3126 turns).

AurumCu the Ruffian (Troll Fighter)                 Turns: 3126, Time: 00:09:01

Health: -1/68      AC:  4    Str: 31    XL:     7   Next: 56%
Magic:  5/6        EV:  9    Int:  6    God:
Gold:   149        SH:  8    Dex: 12    Spells: 6/6 levels left

rFire   . .          .
                       - Unarmed
rCold   + . .        b - +0 kite shield
rNeg    . . .        a - +0 robe
rPois   +            (helmet restricted)
rElec   .            j - scarf of Hangman {harm, -Tele rPois rC+ rCorr Dex+3}
rCorr   +            (gloves unavailable)
SInv    .            (boots unavailable)
Will    .....        (no amulet)
Stlth   +            f - +6 ring of strength
HPRegen 1.11/turn    d - ring of resist corrosion
MPRegen 0.10/turn

%: no teleportation, harm (+30% outgoing, +20% incoming)
@: mighty, weakened
A: large, unfitting armour, claws 3, regeneration 1, shaggy fur 1, tough skin 1
a: no special abilities


You were on level 8 of the Dungeon.
You visited 1 branch of the dungeon, and saw 6 of its levels.

You collected 149 gold pieces.

Inventory:

Missiles
 h - 14 poisoned darts (quivered)
Armour
 a - a +0 robe (worn)
 b - a +0 kite shield (worn)
 j - the scarf of Hangman (worn) {harm, -Tele rPois rC+ rCorr Dex+3}
   (You found it on level 3 of the Dungeon)

   Dex+3:     It affects your dexterity (+3).
   rC+:       It protects you from cold.
   rPois:     It protects you from poison -Tele: It prevents most forms of
   teleportation.
   rCorr:     It protects you from acid and corrosion.
Jewellery
 d - a ring of resist corrosion (right claw)
 f - a +6 ring of strength (left claw)
Wands
 i - a wand of charming (9)
Scrolls
 g - a scroll of teleportation
 k - a scroll of blinking
 l - a scroll of torment
 m - a scroll of brand weapon
Potions
 c - 3 potions of might


   Skills:
 * Level 3.8 Fighting
 + Level 3.2 Dodging
 + Level 0.6 Stealth
 * Level 4.0 Shields
 * Level 6.4 Unarmed Combat


You had 6 spell levels left.
You didn't know any spells.
Your spell library contained the following spells:

 Spells                   Type           Power      Damage    Failure   Level
 Shock                    Conj/Air       0%         1d3       65%         1
 Fugue of the Fallen      Necr           0%         N/A       95%         3
 Ozocubu's Armour         Ice            0%         N/A       95%         3
 Swiftness                Air            0%         N/A       95%         3
 Airstrike                Air            0%         2d(0-16)  100%        4
 Animate Armour           Summ/Erth      0%         N/A       100%        4
 Manifold Assault         Tloc           0%         N/A       100%        4
 Summon Lightning Spire   Summ/Air       0%         N/A       100%        4
 Lee's Rapid Deconstruct  Erth           0%         3d4*      100%        5


Dungeon Overview and Level Annotations

Branches:
Dungeon (5/15)
 Temple: D:4-7

Altars:
Nemelex Xobeh
Uskayaw
Yredelemnul
The Shining One


Innate Abilities, Weirdness & Mutations

You are too large for most types of armour.
You have claws for hands.
Your natural rate of healing is unusually fast.
You are covered in fur. (AC +1)
You have tough skin. (AC +1)


Message History

You closely miss the gnoll bouda.
The gnoll bouda is severely wounded.
You block the howler monkey's attack. The gnoll closely misses you.
The gnoll bouda hits you with a +0 club.
The gnoll hits you with a +0 whip.
The howler monkey howls!
You scratch the gnoll bouda.
The gnoll bouda is almost dead.
You hear a shout! x2
The troll bites you! The troll barely misses you. The troll claws you!
The howler monkey hoots and howls with incredible vigour!
You hear a shout!
You hear a loud, deep croak!
You hear a shout! x2
You closely miss the gnoll bouda.
The gnoll bouda is almost dead.
Your attacks no longer feel as feeble.
The gnoll barely misses you.
The gnoll bouda gazes fiercely through you!
You feel your attacks grow feeble. The gnoll bouda closely misses you.
The gnoll hits you with a +0 whip. You block the troll's attack.
The troll claws you. You block the troll's attack.
The howler monkey hoots and howls with incredible vigour!
The howler monkey barely misses you.
You hear a shout!
You scratch the gnoll bouda.
You kill the gnoll bouda!
The gnoll hits you from afar with a +0 halberd.
The gnoll hits you with a +0 whip. The troll closely misses you.
The troll claws you!
* * * LOW HITPOINT WARNING * * *
The troll barely misses you. You block the howler monkey's attack.
You feel very mighty all of a sudden. You block the gnoll's attack.
The gnoll barely misses you.
An orc wizard comes into view. It is wielding a +0 rapier.
The howler monkey hoots and howls with incredible vigour!
An orc warrior comes into view. It is wielding a +0 flail.
The troll bites you!
* * * LOW HITPOINT WARNING * * *
The troll claws you!
You die...

#............
#....#.......
###.##.......
#.##.......
#..#......(
#..........
#....!.....
########T.......
......)@#.......
.......gh.......
#......g........
#......./.h.....
#...............
..............o.
................
8#............o


You could see a troll, an orc warrior, 2 howler monkeys, an orc wizard and 2
gnolls.

Vanquished Creatures
  An ice beast (D:5)
  An ogre (D:5)
  A phantom (D:5)
  A scorpion (D:4)
  2 howler monkeys
  2 hounds
  A gnoll bouda (D:8)
  2 iguanas (D:5)
  Jessica (D:3)
  2 orc wizards (D:4)
  5 gnolls
  8 adders
  A dart slug (D:5)
  A ribbon worm (D:2)
  4 orcs (D:4)
  A ball python (D:1)
  4 endoplasms
  2 giant cockroaches (D:1)
  7 goblins
  5 hobgoblins
  7 jackals
  4 quokkas
  4 bats
  6 frilled lizards
  9 kobolds
  3 rats (D:2)
85 creatures vanquished.

Notes
Turn   | Place    | Note
-------+----------+-------------------------------------------
     0 | D:1      | AurumCu the Troll Fighter began the quest for the Orb.
     0 | D:1      | Reached XP level 1. HP: 22/22 MP: 0/0
   155 | D:1      | Reached XP level 2. HP: 28/29 MP: 1/1
   690 | D:2      | Reached XP level 3. HP: 35/36 MP: 2/2
   863 | D:2      | Reached skill level 3 in Unarmed Combat
   899 | D:2      | Reached XP level 4. HP: 44/44 MP: 3/3
  1234 | D:3      | Reached skill level 4 in Unarmed Combat
  1258 | D:3      | Identified the scarf of Hangman {harm, -Tele rPois rC+
                  | rCorr Dex+3}
  1270 | D:3      | Noticed Jessica
  1279 | D:3      | Killed Jessica
  1280 | D:3      | Reached XP level 5. HP: 49/53 MP: 4/4
  1936 | D:4      | Reached XP level 6. HP: 61/61 MP: 5/5
  2097 | D:4      | Found a sparkling altar of Nemelex Xobeh.
  2097 | D:4      | Found a hide-covered altar of Uskayaw.
  2123 | D:4      | Found a basalt altar of Yredelemnul.
  2132 | D:4      | Found a glowing golden altar of the Shining One.
  2134 | D:4      | Noticed an angel
  2327 | D:4      | Reached skill level 5 in Unarmed Combat
  2940 | D:5      | Entered Level 5 of the Dungeon
  2953 | D:5      | Reached XP level 7. HP: 67/67 MP: 6/6
  3035 | D:5      | Reached skill level 6 in Unarmed Combat
  3106 | D:5      | You fall into a shaft and drop 3 floors!
  3114 | D:8      | Noticed a troll
  3126 | D:8      | Slain by a troll

Illustrated notes

Levels and vault maps discovered:
D:1:      dpeg_arrival_pits, layout_basic
D:2:      minmay_skewed_foursquare, layout_rooms, dreamdust_mushroom_princess,
          small_statue_intersection
D:3:      layout_basic, uniq_jessica
D:4:      layout_basic, gammafunk_temple_overflow_elements,
          grunt_temple_overflow_holy_war, ebering_dispersal_statue_hall
D:5:      layout_loops_cross, minmay_temple_entry_junction, hex_tiny,
          minmay_misc_feat_encased, minmay_liquid_box, st_stairs_14
D:8:      layout_rooms, general_overflow_altar, enter_bailey_3, serial_shops,
          shop_statue, nicolae_stop_n_shop_1, shop, uniq_pikel

Skill      XL: |  1  2  3  4  5  6  7 |
---------------+----------------------+-----
Shields        | 3 4 |  4.0
Unarmed Combat | 3 4 5 6 |  6.4
Fighting       | 3 |  3.8
Dodging        | 3 |  3.2
Stealth        | |  0.6

Action                     |  1- 3 |  4- 6 |  7- 9 || total
---------------------------+-------+-------+-------++-------
  Melee: Unarmed           |    93 |   110 |    19 ||   222
    Use: Scroll            |     4 |     2 |     1 ||     7
         Potion            |     3 |     3 |     1 ||     7
   Stab: Sleeping          |       |     2 |       ||     2
 Armour: Robe              |    48 |    47 |    15 ||   110
  Dodge: Dodged            |    34 |    35 |    15 ||    84
  Block: Kite shield       |    29 |    34 |    10 ||    73
